 Dungeon Crawl Stone Soup version 0.25-a0-109-ge9c0e85935 (webtiles) character file.

Game seed: 18423405184526876262, levelgen mode: deterministic

39021 night the Unseen (level 13, -1/55 HPs)
             Began as a Spriggan Enchanter on Nov 18, 2019.
             Was a High Priest of Dithmenos.
             Killed from afar by a hellion (23 damage)
             ... with damnation
             ... in a Gauntlet.
             The game lasted 01:34:24 (18959 turns).

night the Unseen (Spriggan Enchanter)              Turns: 18959, Time: 01:34:24

Health: -1/55      AC:  7    Str:  4    XL:     13   Next: 67%
Magic:  37/40      EV: 34    Int: 21    God:    Dithmenos [*****.]
Gold:   1039       SH:  0    Dex: 21    Spells: 28/39 levels left

rFire    + . .     SeeInvis +   a - +3 dagger of Psychosis {pierce, Dex+4}
rCold    + . .     Gourm    .   (shield restricted)
rNeg     . . .     Faith    .   O - +2 robe {Archmagi}
rPois    .         Spirit   .   (helmet restricted)
rElec    .         Reflect  .   k - scarf {rC+ rF+}
rCorr    .         Harm     .   (gloves unavailable)
MR       ++...     NoTele   +   (boots unavailable)
Stlth    ++++++++++             (no amulet)
HPRegen  0.18/turn              Z - ring of magical power
MPRegen  0.27/turn              E - +3 ring of protection

@: wreathed by umbra, studying Crossbows, very quick
A: very small, unfitting armour, see invisible, herbivore, speed 3, slow
metabolism 2
a: Shadow Step, Shadow Form, Renounce Religion


You were in a Gauntlet.
You worshipped Dithmenos.
Dithmenos was extremely pleased with you.
You were hungry.

You visited 3 branches of the dungeon, and saw 16 of its levels.
You also visited: Gauntlet and Ice Cave.

You collected 1039 gold pieces.

Inventory:

Hand Weapons
 a - the +3 dagger of Psychosis (weapon) {pierce, Dex+4}
   (You found it on level 5 of the Dungeon)

   It inflicts extra damage upon your enemies.
   It affects your dexterity (+4).
 i - a +1 hunting sling of velocity
 t - a +2 falchion of pain
Missiles
 c - 8 poisoned darts (quivered)
 z - 4 atropa-tipped darts
Armour
 k - a scarf of resistance (worn)
 D - a +2 cloak
 M - a +2 robe of magic resistance
 O - a +2 robe of the Archmagi (worn)
Jewellery
 o - a +2 ring of evasion
 C - an uncursed ring of protection from magic
 E - a +3 ring of protection (right hand)
 F - an uncursed ring of protection from cold
 H - an uncursed ring of positive energy
 N - the amulet of the Equinox {RegenMP Stlth+, unknown}
   (You found it in an ice cave)

   [amulet of magic regeneration]

   It increases your magic regeneration.
   It makes you more stealthy.
 Z - a ring of magical power (left hand)
Wands
 w - a wand of flame (76)
 G - a wand of polymorph (19)
 I - a wand of paralysis (12)
 U - a wand of acid (16)
Scrolls
 m - 2 scrolls of fog
 p - a scroll of blinking
 r - 8 scrolls of remove curse
 v - 3 scrolls of enchant weapon
 B - a scroll of vulnerability
 K - a scroll of enchant armour
 T - 2 scrolls of amnesia
Potions
 g - 2 potions of flight
 h - 3 potions of haste
 l - 3 potions of cancellation
 n - 4 potions of curing
 q - 3 potions of resistance
 s - 3 potions of lignification
 u - 3 potions of invisibility
 x - 5 potions of heal wounds
 J - a potion of magic
 L - 3 potions of agility
 R - 2 potions of might
 S - 3 potions of ambrosia
 W - 3 potions of brilliance {unknown}
 Y - a potion of berserk rage {unknown}
Books
 P - a manual of Crossbows
Miscellaneous
 b - a lightning rod (4/4)
 e - a box of beasts
 X - a sack of spiders
Comestibles
 d - 15 rations


   Skills:
 + Level 3.7 Short Blades
 + Level 16.0 Dodging
 + Level 17.4 Stealth
 + Level 13.9 Spellcasting
 + Level 14.3 Hexes


You had 28 spell levels left.
You knew the following spells:

 Your Spells              Type           Power        Failure   Level  Hunger
a - Ensorcelled Hibernat  Hex/Ice        ######       1%          2    None
b - Confuse               Hex            #######.     1%          3    None
d - Tukima's Dance        Hex            #######.     1%          3    None
e - Dazzling Spray        Conj/Hex       ######       1%          3    None

Your spell library contained the following spells:

 Spells                   Type           Power        Failure   Level  Hunger
 Corona                   Hex            #######      0%          1    None
 Summon Guardian Golem    Hex/Summ       ######..     1%          3    None
 Summon Small Mammal      Summ           ###.         4%          1    None
 Call Imp                 Summ           ###.....     7%          2    None
 Call Canine Familiar     Summ           ###.....     13%         3    None
 Recall                   Summ/Tloc      N/A          13%         3    None
 Animate Dead             Necr           N/A          41%         4    None
 Summon Ice Beast         Ice/Summ       ###.....     41%         4    None
 Summon Lightning Spire   Summ/Air       ###.....     41%         4    None
 Borgnjor's Vile Clutch   Necr/Erth      ###.......   77%         5    ###....
 Death Channel            Necr           ###.......   100%        6    #####..
 Simulacrum               Ice/Necr       ###.......   100%        6    #####..


Dungeon Overview and Level Annotations

Branches:
Dungeon (10/15)            Temple (1/1) D:4            Lair (5/6) D:10
  Swamp (0/4) Lair:2        Snake (0/4) Lair:4        IceCv (visited)
Gauntlet (1/1)
  Slime: Lair:5-6       Orc: D:9-12

Altars:
Ashenzari
Cheibriados
Dithmenos
Elyvilon
Fedhas
Gozag
Hepliaklqana
Kikubaaqudgha
Makhleb
Nemelex Xobeh
Okawaru
Qazlal
Ru
Sif Muna
Trog
Uskayaw
Vehumet
Wu Jian
Xom
Yredelemnul
Zin
The Shining One

Shops:
D:4 =   D:8 :

Annotations:
D:9 3 runed translucent doors, grouchysmurf's ghost, novice MiAK
D:10 1 exclusion
Lair:3 2 runed translucent doors, Somebody's ghost, journeyman DrFE Gauntlet 9 transporters, 2 runed translucent doors, exclusion: ice statue


Innate Abilities, Weirdness & Mutations

You are very small and have problems with some larger weapons.
You are too small for most types of armour.
You have supernaturally acute eyesight. (SInv)
You are a herbivore.
You cover ground extremely quickly.
You need to consume almost no food.


Message History

...and a larval shocksting beast leaps out!
Evoke which item? (* to show all) (? for menu, Esc to quit)
Okay, then.
You open the gate. The hellion gestures at you.
The sphere of damnation explodes!
The damnation engulfs you!!
Ouch! That really hurt!
You emit a cloud of dark smoke.
The damnation engulfs your larval shocksting beast!!
Your larval shocksting beast dies!
Your larval shocksting beast's corpse disappears in a puff of smoke!
Casting: Ensorcelled Hibernation (safe; 1% risk of failure)
Confirm with . or Enter, or press ? or * to list all spells.
Aiming: Confuse (safe; 1% risk of failure)
Press: ? - help, Shift-Dir - straight line, f - smoke demon
Aim: a smoke demon (umbra, chance to defeat MR: 52%)
You feel a surge of power!
The smoke demon appears confused.
The hellion gestures at you.
The sphere of damnation explodes!
The damnation engulfs you!!
You die...

##≈.♣.#.#...#.#.#########..
#≈≈...#=####..#.###..##.#..
##≈...#...333.#.#..##..##..
##...#########.#..#.##.###
##≈.♣.........#©#©#.©#.##©# # #
#≈≈...#########.#.#.#.#.#.#
#...##≈...#[:#....#.#.##..#.#.#
#.♣. ##...#.§#§##.#.##..##.##.#
#...##..♣.###§@##.#.#########.#
.##.♣.#..P..#§§§.§§©#©#.......#.#
......#.♣P..###3#######..P♣...#.#
.##.©.#.P...#..2h...#...P.PP..#.#
#...#.....#.......#..P#≈#≈#.#.#
.##.©.#.....#########...≈≈≈≈≈.#.#
......#..∩............♣.#≈#≈#.#©#
.##.©.#.....#########..P≈≈≈≈≈.#.#
#...#.....#Z..Z...#...#≈#≈#.#.#


You could see 3 sixfirhies, a smoke demon (confused), a hellion and a hell
hound.

Vanquished Creatures
  A frost giant (IceCv)
  4 hydras
  A dancing weapon (IceCv)
  A death yak (D:10)
  4 oklob plants (Lair:4)
  An ugly thing (D:9)
  A manticore (D:10)
  5 elephants (Lair:4)
  A black mamba (Lair:5)
  Psyche (D:8)
  7 spiny frogs
  A rime drake (IceCv)
  A komodo dragon (Lair:2)
  A troll (D:9)
  15 polar bears (IceCv)
  A meliai (shapeshifter) (Gauntlet)
  A hornet (Lair:5)
  9 dream sheep (Lair:5)
  6 hippogriffs
  7 slime creatures
  10 blink frogs
  2 wyverns (D:10)
  53 yaks
  A yak (shapeshifter) (Gauntlet)
  A basilisk (Lair:1)
  Grum (D:8)
  2 hungry ghosts
  A steam dragon (D:10)
  Menkaure (D:6)
  A swamp worm (Lair:2)
  3 nagas (Lair:4)
  7 water moccasins
  Duvessa (D:7)
  5 ice beasts
  3 sky beasts
  7 porcupines
  3 orc warriors
  A phantom (D:5)
  A hornet zombie (D:10)
  2 black bears
  27 wolves
  3 centaurs
  7 crocodiles
  14 bullfrogs
  A big kobold (D:7)
  Dowan (D:7)
  10 killer bees
  6 wights
  2 howler monkeys
  3 crimson imps
  A centaur zombie (D:9)
  6 hounds
  8 jellies
  An orc priest (D:10)
  7 iguanas
  A bullfrog skeleton (D:9)
  A centaur skeleton (D:4)
  2 orc wizards
  A worker ant (D:5)
  A hell rat (D:10)
  A killer bee zombie (D:7)
  3 hound skeletons
  A worker ant zombie (D:9)
  Robin (D:2)
  A howler monkey zombie (D:8)
  12 adders
  2 oozes
  2 worms
  2 dart slugs
  4 leopard geckos
  25 orcs
  A ball python (D:6)
  12 bats
  5 giant cockroaches
  19 goblins
  14 hobgoblins
  11 jackals
  4 quokkas
  A ball python skeleton (D:3)
  7 frilled lizards
  12 kobolds
  A leopard gecko skeleton (D:5)
  A quokka zombie (D:5)
  3 rats
423 creatures vanquished.

Vanquished Creatures (collateral kills)
  Urug (Lair:1)
  2 polar bears (IceCv)
  5 ogres
  A wight (D:10)
  3 orc priests
  An orc wizard (D:9)
13 creatures vanquished.

Vanquished Creatures (others)
  A polar bear (IceCv)
  A yak (IceCv)
  A dancing weapon (D:6)
  An orc warrior (D:9)
  A human (D:3)
  A wolf (IceCv)
  A goblin (D:2)
  2 hobgoblins (D:2)
  A kobold (D:2)
  A rat (D:2)
  5 fungi
  7 plants
23 creatures vanquished.

Grand Total: 459 creatures vanquished

Notes
Turn   | Place    | Note
-------+----------+-------------------------------------------
     0 | D:1      | night the Spriggan Enchanter began the quest for the Orb.
     0 | D:1      | Reached XP level 1. HP: 9/9 MP: 5/5
   335 | D:1      | Reached XP level 2. HP: 13/13 MP: 6/6
   365 | D:1      | Learned a level 2 spell: Ensorcelled Hibernation
   819 | D:1      | Reached XP level 3. HP: 16/16 MP: 3/8
  1051 | D:1      | Learned a level 3 spell: Confuse
  1693 | D:2      | Found a radiant altar of Vehumet.
  2052 | D:2      | Reached skill level 5 in Stealth
  2052 | D:2      | Reached XP level 4. HP: 21/21 MP: 10/10
  2521 | D:2      | Noticed Robin
  2550 | D:2      | Killed Robin
  2762 | D:3      | Reached skill level 5 in Hexes
  3535 | D:3      | Reached XP level 5. HP: 24/24 MP: 9/12
  3842 | D:3      | Found an ancient bone altar of Kikubaaqudgha.
  3853 | D:3      | Noticed a human
  3855 | D:3      | Killed a human
  4096 | D:3      | Noticed an ice beast
  4102 | D:3      | Killed an ice beast
  4102 | D:3      | Reached XP level 6. HP: 28/28 MP: 13/13
  4217 | D:3      | Reached skill level 6 in Stealth
  4544 | D:4      | Reached skill level 5 in Dodging
  4564 | D:4      | Found a staircase to the Ecumenical Temple.
  4592 | Temple   | Entered the Ecumenical Temple
  4736 | Temple   | Became a worshipper of Dithmenos the Shadowed
  5075 | D:4      | Reached skill level 5 in Spellcasting
  5321 | D:4      | Found Uheifas's Jewellery Shop.
  5370 | D:5      | Entered Level 5 of the Dungeon
  5383 | D:5      | Reached XP level 7. HP: 23/32 MP: 10/15
  5486 | D:5      | Got an encrusted dagger
  5487 | D:5      | Identified the cursed +3 dagger of Psychosis {pierce,
                  | Dex+4} (You found it on level 5 of the Dungeon)
  5523 | D:5      | Reached skill level 7 in Stealth
  6038 | D:5      | Reached skill level 8 in Stealth
  6115 | D:5      | Reached * piety under Dithmenos
  6404 | D:6      | Reached XP level 8. HP: 36/36 MP: 18/18
  6696 | D:5      | Learned a level 3 spell: Tukima's Dance
  7095 | D:6      | Noticed Menkaure
  7103 | D:6      | Killed Menkaure
  7141 | D:6      | Reached skill level 9 in Stealth
  7184 | D:6      | Found a stormy altar of Qazlal.
  7410 | D:7      | Learned a level 3 spell: Dazzling Spray
  7777 | D:7      | Reached ** piety under Dithmenos
  7864 | D:7      | Found a hide-covered altar of Uskayaw.
  7932 | D:7      | Found a snail-covered altar of Cheibriados.
  7970 | D:7      | Reached XP level 9. HP: 39/39 MP: 21/21
  8012 | D:7      | Noticed Duvessa
  8012 | D:7      | Noticed Dowan
  8015 | D:7      | Killed Dowan
  8022 | D:7      | Killed Duvessa
  8022 | D:7      | Reached skill level 10 in Stealth
  8727 | D:8      | Noticed Psyche
  8771 | D:8      | Killed Psyche
  8914 | D:8      | Found Saybaij's Book Shoppe.
  8916 | D:8      | Noticed Grum
  8932 | D:8      | Reached skill level 11 in Stealth
  8959 | D:8      | Killed Grum
  9016 | D:8      | Found a glowing golden altar of the Shining One.
  9117 | D:9      | Reached skill level 10 in Dodging
  9147 | D:9      | Noticed a troll
  9154 | D:9      | Killed a troll
  9199 | D:9      | Reached XP level 10. HP: 44/44 MP: 20/24
  9236 | D:9      | Got a pitted hand axe
  9278 | D:9      | Reached skill level 10 in Hexes
  9382 | D:9      | Found a runed translucent gate.
  9382 | D:9      | Found a runed translucent gate.
  9382 | D:9      | Found a runed translucent gate.
  9385 | D:9      | Noticed a spectral centaur warrior
  9407 | D:9      | Noticed a spectral centaur warrior
  9407 | D:9      | Noticed grouchysmurf's ghost (novice MiAK)
  9541 | D:9      | Reached skill level 12 in Stealth
  9707 | D:9      | Reached *** piety under Dithmenos
  9712 | D:9      | Noticed a white ugly thing
  9721 | D:9      | Killed a white ugly thing
  9827 | D:9      | Found a shattered altar of Ashenzari.
  9829 | D:9      | Found a blossoming altar of Fedhas.
  9841 | D:9      | Found a hide-covered altar of Uskayaw.
  9909 | D:9      | Reached skill level 10 in Spellcasting
 10205 | D:10     | Entered Level 10 of the Dungeon
 10234 | D:10     | Reached skill level 13 in Stealth
 10403 | D:10     | Noticed a death yak
 10416 | D:10     | Noticed a death yak
 10546 | D:10     | Reached XP level 11. HP: 47/47 MP: 21/26
 11102 | D:9      | Reached **** piety under Dithmenos
 11294 | D:10     | Found a staircase to the Lair.
 11299 | D:10     | Noticed a death yak
 12143 | D:10     | Identified the +6 hand axe "Beastslayer" {flame, +Fly rPois
                  | Str-2 Int+2} (You found it on level 9 of the Dungeon)
 12182 | D:10     | Killed a death yak
 12290 | Lair:1   | Entered Level 1 of the Lair of Beasts
 12325 | Lair:1   | Noticed Urug
 12329 | Lair:1   | Noticed a five-headed hydra
 12517 | Lair:1   | Killed Urug
 12517 | Lair:1   | Reached skill level 14 in Stealth
 12973 | Lair:1   | Killed a five-headed hydra
 14252 | Lair:2   | Reached XP level 12. HP: 51/51 MP: 28/28
 14313 | Lair:2   | Noticed a seven-headed hydra
 14313 | Lair:2   | Noticed a five-headed hydra
 14337 | Lair:2   | Killed a seven-headed hydra
 14337 | Lair:2   | Reached skill level 15 in Stealth
 14344 | Lair:2   | Killed a five-headed hydra
 14459 | Lair:2   | Found a staircase to the Swamp.
 14556 | Lair:2   | Reached ***** piety under Dithmenos
 15037 | Lair:3   | Found a large runed translucent door.
 15037 | Lair:3   | Found a large runed translucent door.
 15042 | Lair:3   | Noticed Somebody's ghost (journeyman DrFE)
 15063 | Lair:3   | You fall into a shaft and drop 1 floor!
 15401 | Lair:4   | Reached skill level 16 in Stealth
 15506 | Lair:4   | Found a staircase to the Snake Pit.
 15611 | Lair:4   | Found a frozen archway.
 15616 | IceCv    | Entered an ice cave
 16204 | IceCv    | Got a twitching emerald amulet
 16252 | IceCv    | Reached skill level 15 in Dodging
 16343 | IceCv    | Reached XP level 13. HP: 31/55 MP: 6/31
 16838 | IceCv    | Noticed a frost giant
 16882 | IceCv    | Killed a frost giant
 17568 | Lair:4   | Reached skill level 17 in Stealth
 18390 | Lair:5   | Found a gate leading to a gauntlet.
 18426 | Gauntlet | Entered a Gauntlet
 18426 | Gauntlet | Found a transporter.
 18451 | Gauntlet | Found a transporter.
 18453 | Gauntlet | Found a transporter.
 18461 | Gauntlet | Found a transporter.
 18463 | Gauntlet | Found a transporter.
 18474 | Gauntlet | Found a transporter.
 18488 | Gauntlet | Found a runed translucent gate.
 18489 | Gauntlet | Found a transporter.
 18489 | Gauntlet | Found a runed translucent gate.
 18490 | Gauntlet | Found a runed translucent gate.
 18501 | Gauntlet | Found a transporter.
 18511 | Gauntlet | Found a runed translucent door.
 18511 | Gauntlet | Found a runed translucent door.
 18511 | Gauntlet | Found a transporter.
 18540 | Gauntlet | Found a transporter.
 18540 | Gauntlet | Found a transporter.
 18567 | Gauntlet | Found a transporter.
 18569 | Gauntlet | Found a transporter.
 18626 | Gauntlet | Found a transporter.
 18777 | Gauntlet | Reached ****** piety under Dithmenos
 18959 | Gauntlet | Killed from afar by a hellion

Levels and vault maps discovered:
D:1:      minmay_arrival_checkered_box, layout_rooms, feat_on_display
D:2:      layout_rooms, fiery_altar_vehumet, uniq_terence, uniq_robin
D:3:      minmay_chambers_of_twos, layout_loops_corners, minivault_14,
          tgw_kikubaaqudgha
D:4:      layout_rooms, temple_fountains, first_ration, serial_shops, shop,
          corner_web_ring, kennysheep_small_circle
D:5:      layout_rooms
D:6:      layout_rooms, nicolae_qazlal_general_emergency, uniq_menkaure
D:7:      layout_loops_ring, cheibriados_altar_1, basic_altar, uniq_duvessa
D:8:      layout_basic, tso_oasis_becter, serial_shops, shop, uniq_grum,
          uniq_psyche
D:9:      layout_irregular_city, gammafunk_temple_overflow_forgotten,
          gammafunk_ghost_necromancy
D:10:     layout_gridville, dpeg_lair_monsters
Temple:   eino_temple_rhombus
Lair:1:   layout_regular_city, uniq_urug
Lair:2:   layout_cave_pods, palyth_hydra_swamp_entry, serial_bayou_shore_a
Lair:3:   layout_gridlike, ebering_ghost_disaster_area, minmay_holes,
          ldierk_geyser, patterned_corridor, lemuel_fruit_fields
Lair:4:   layout_cave_pods, guppyfry_snake_entry_garden,
          portal_ice_cave_entry_pillars_2, infiniplex_staircase_pool_2,
          minmay_lair_oklob_chamber
Lair:5:   cheibrodos_lair_overgrown_chateau, layout_cave_shapes, slime_altar_1,
          gauntlet_entry_generic, st_stairs_12, lemuel_oklob_altar, uniq_nessos
Gauntlet: minmay_gauntlet_77_tree [minmay_gauntlet_arena_77_checkered,
          minmay_gauntlet_arena_77_tiled_triplets,
          minmay_gauntlet_arena_77_mess, minmay_gauntlet_arena_77_block_sizes,
          minmay_gauntlet_arena_77_shame_cube,
          minmay_gauntlet_arena_77_run_for_it, minmay_gauntlet_arena_77_box,
          gauntlet_exit_watery]

Skill      XL: |  1  2  3  4  5  6  7  8  9 10 11 12 13 |
---------------+----------------------------------------+-----
Hexes          | 4 5 6 7 8 9 11 12 13 14 | 14.3
Spellcasting   | 3 4 5 6 7 9 10 11 13 | 13.9
Stealth        | 5 6 8 9 11 13 14 16 17 | 17.4
Dodging        | 4 5 6 8 10 11 13 15 16 | 16.0
Short Blades   | 3 |  3.7

Action                   |  1- 3 |  4- 6 |  7- 9 | 10-12 | 13-15 || total
-------------------------+-------+-------+-------+-------+-------++-------
Melee: Dagger            |   128 |   203 |   176 |   432 |   119 ||  1058
       Falchion          |       |       |     1 |       |       ||     1
 Fire: Hunting sling     |       |     3 |       |    10 |       ||    13
Throw: Boomerang         |     4 |    11 |     1 |     3 |       ||    19
 Cast: Corona            |    11 |     1 |     2 |       |       ||    14
       Ensorcelled Hiber |    30 |    59 |    46 |   159 |    58 ||   352
       Confuse           |       |     6 |    25 |    90 |    17 ||   138
       Tukima's Dance    |       |       |     9 |     8 |     3 ||    20
       Dazzling Spray    |       |       |       |     7 |       ||     7
Invok: Shadow Step       |       |       |       |     1 |       ||     1
Evoke: Wand              |       |       |       |     3 |       ||     3
       Box of beasts     |       |       |       |       |     1 ||     1
  Use: Potion            |     1 |       |     1 |       |       ||     2
       Scroll            |     1 |       |     4 |    23 |       ||    28
 Stab: Sleeping          |    23 |    41 |    46 |   120 |    59 ||   289
       Confused          |       |     5 |    17 |    47 |    14 ||    83
       Distracted        |       |       |     2 |     1 |       ||     3
       Paralysed         |       |       |     1 |       |       ||     1
  Eat: Ration            |       |     3 |     2 |     4 |     1 ||    10
Armor: Robe              |    21 |    11 |    13 |    24 |     1 ||    70
Dodge: Dodged            |   113 |   167 |   176 |   501 |   136 ||  1093

Table legend:
 A = Non-vault XP
 B = Vault XP
 C = Vault XP percentage of total XP
 D = Non-vault monster count
 E = Vault monster count
 F = Vault count percentage of total count
                 A         B        C        D         E       F
            +---------+---------+-------+---------+---------+-------
      Total |   34623 |   21122 |  37.9 |     337 |      99 |  22.7
            +---------+---------+-------+---------+---------+-------
        D:1 |      64 |       0 |   0.0 |      35 |       0 |   0.0
        D:2 |      55 |      27 |  32.9 |      17 |       7 |  29.2
        D:3 |     249 |      13 |   5.0 |      28 |       8 |  22.2
        D:4 |     276 |       0 |   0.0 |      14 |       0 |   0.0
        D:5 |     820 |       0 |   0.0 |      17 |       0 |   0.0
        D:6 |     364 |     169 |  31.7 |      16 |       1 |   5.9
        D:7 |    1024 |     211 |  17.1 |      25 |       2 |   7.4
        D:8 |     797 |     672 |  45.7 |      11 |       4 |  26.7
        D:9 |    5321 |       0 |   0.0 |      43 |       0 |   0.0
       D:10 |    3467 |    1149 |  24.9 |      31 |       5 |  13.9
     Lair:1 |    2121 |     434 |  17.0 |       9 |       1 |  10.0
     Lair:2 |    4979 |    2461 |  33.1 |      30 |       5 |  14.3
     Lair:3 |    2426 |       0 |   0.0 |      11 |       0 |   0.0
     Lair:4 |    8433 |    3066 |  26.7 |      31 |       9 |  22.5
     Lair:5 |    3218 |    2823 |  46.7 |      15 |      12 |  44.4
      IceCv |       0 |    9468 | 100.0 |       0 |      40 | 100.0
   Gauntlet |    1009 |     629 |  38.4 |       4 |       5 |  55.6
            +---------+---------+-------+---------+---------+-------
